 Dungeon Crawl Stone Soup version 0.30-a0-760-g5a9884bb7c (webtiles) character file.

Game seed: 6187996559308695903

15 mopl the Sneak (level 2, 0/15 HPs)
             Began as a Vine Stalker Brigand on Feb 10, 2023.
             Slain by a jackal (1 damage)
             ... on level 1 of the Dungeon.
             The game lasted 00:00:26 (202 turns).

mopl the Sneak (Vine Stalker Brigand)                Turns: 202, Time: 00:00:26

Health: 0/15       AC:  3    Str: 13    XL:     2   Next: 50%
Magic:  0/3        EV: 11    Int: 11    God:
Gold:   51         SH:  0    Dex: 15    Spells: 1/1 levels left

rFire   . . .      SeeInvis .    a - +2 dagger
rCold   . . .      Faith    .    (no shield)
rNeg    . . .      Spirit   +    b - +0 robe
rPois   .          Reflect  .    (no helmet)
rElec   .          Harm     .    c - +0 cloak
rCorr   .          Rampage  .    (no gloves)
Will    .....                    (no boots)
Stlth   +++                      (no amulet)
HPRegen 0.22/turn                (no ring)
MPRegen 0.08/turn                (no ring)

@: no status effects
A: fangs 2, magic shield, antimagic bite, no potion heal 2
a: no special abilities


You were on level 1 of the Dungeon.
You visited 1 branch of the dungeon, and saw 1 of its levels.

You collected 51 gold pieces.

Inventory:

Hand Weapons
 a - a +2 dagger (weapon)
Missiles
 d - 9 poisoned darts (quivered)
 e - 3 curare-tipped darts
Armour
 b - a +0 robe (worn)
 c - a +0 cloak (worn)
Scrolls
 f - a scroll of vulnerability {unknown}
 g - a scroll of enchant armour {unknown}
Potions
 h - 2 potions of might {unknown}


   Skills:
 - Level 1.7 Fighting
 + Level 2.1 Short Blades
 + Level 2.1 Throwing
 - Level 0.7 Dodging
 + Level 5.2 Stealth


You had one spell level left.
You didn't know any spells.
Your spell library was empty.

Dungeon Overview and Level Annotations

Branches:
Dungeon (1/15)

Altars:


Innate Abilities, Weirdness & Mutations

You have extremely sharp teeth.
When hurt, damage is shared between your health and your magic reserves.
Your bite disrupts and absorbs the magic of your enemies.
Potions cannot restore your health.


Message History

The jackal barely misses you. The jackal closely misses you.
The jackal misses you. The jackal barely misses you.
The giant cockroach bites you but does no damage.
You hit the jackal. Your bite misses the jackal.
The jackal is heavily wounded.
The jackal barely misses you.
The jackal bites you but does no damage.
The jackal barely misses you. The jackal bites you.
The giant cockroach closely misses you. The jackal closely misses you.
You hit the jackal. You bite the jackal.
You kill the jackal!
The jackal bites you but does no damage.
The jackal bites you. The giant cockroach barely misses you.
You hit the giant cockroach.
The giant cockroach is moderately wounded.
The jackal closely misses you. The jackal bites you.
The giant cockroach bites you.
* * * LOW HITPOINT WARNING * * *
You are too injured to fight recklessly!
You are too injured to fight recklessly!
You are too injured to fight recklessly!
You are too injured to fight recklessly!
You are too injured to fight recklessly!
You are too injured to fight recklessly!
You are too injured to fight recklessly!
You are too injured to fight recklessly!
You are too injured to fight recklessly!
You are too injured to fight recklessly!
You are too injured to fight recklessly!
You are too injured to fight recklessly!
You are too injured to fight recklessly!
You are too injured to fight recklessly!
The jackal attacks as you move away!
The jackal bites you but does no damage.
The jackal bites you.
* * * LOW HITPOINT WARNING * * *
The giant cockroach barely misses you. The jackal bites you.
* * * LOW HITPOINT WARNING * * *
The jackal bites you.
You die...

#......)....# #
#......
#......######.#
####...
#.........#.#.#
##..
########......#
#.. #......#
### #......#
#......#
######Bh...##.
#.....@h...?..#
#.####.....#...
..........
...........
###.........
###.....##
######


You could see 2 jackals and a giant cockroach.

Vanquished Creatures
  A dart slug (D:1)
  An endoplasm (D:1)
  2 goblins (D:1)
  A hobgoblin (D:1)
  2 jackals (D:1)
  A quokka (D:1)
  2 bats (D:1)
  2 rats (D:1)
12 creatures vanquished.

Notes
Turn   | Place    | Note
-------+----------+-------------------------------------------
     0 | D:1      | mopl the Vine Stalker Brigand began the quest for the Orb.
     0 | D:1      | Reached XP level 1. HP: 11/11 MP: 2/2
   101 | D:1      | Reached skill level 2 in Short Blades
   101 | D:1      | Reached skill level 5 in Stealth
   125 | D:1      | Reached skill level 2 in Throwing
   125 | D:1      | Reached XP level 2. HP: 15/15 MP: 3/3
   202 | D:1      | Slain by a jackal

Illustrated notes

Levels and vault maps discovered:
D:1:      amcnicky_arrival_double_pillar, layout_basic,
          hellmonk_ecumenical_altar_zigzags, nrook_campfire

Skill      XL: |  1 |
---------------+----+-----
Short Blades   | 2 |  2.1
Stealth        | 5 |  5.2
Throwing       | 2 |  2.1
Fighting       | |  1.7
Dodging        | |  0.7

Action                     || total
---------------------------++-------
  Melee: Dagger            ||    34
         Bite              ||     9
   Stab: Sleeping          ||     1
 Armour: Robe              ||    13
  Dodge: Dodged            ||    30

Table legend: (Time is in decaauts)
 A = Elapsed time spent in this place.
 B = Non-inter-level travel time spent in this place.
 C = Inter-level travel time spent in this place.
 D = Time resting spent in this place.
 E = Time spent auto-exploring this place.
 F = Levels seen in this place.
 G = Mean time per level.
                   A        B        C        D        E       F      G
               +--------+--------+--------+--------+--------+-----+--------+
         Total |    198 |    198 |      0 |      0 |    116 |   1 |  198.0 |
       Dungeon |    198 |    198 |      0 |      0 |    116 |   1 |  198.0 |
               +--------+--------+--------+--------+--------+-----+--------+

Top non-repeatable levels by time:
     D:1: 198 daAuts
